 Dungeon Crawl Stone Soup version 0.32-a0-519-g08f29ac1c3 (webtiles) character file.

Game seed: 14671025484264061260

93119 mopl the Unseen (level 16, -13/83 HPs)
             Began as a Vine Stalker Enchanter on Feb 28, 2024.
             Was the Champion of Nemelex Xobeh.
             Killed from afar by Roxanne (22 damage)
             ... with an iron shot
             ... on level 15 of the Dungeon.
             The game lasted 01:02:30 (23301 turns).

mopl the Unseen (Vine Stalker Enchanter)           Turns: 23301, Time: 01:02:31

Health: -13/83     AC: 11    Str: 13    XL:     16   Next: 7%
Magic:  0/27       EV: 15    Int: 27    God:    Nemelex Xobeh [******]
Gold:   1352       SH:  5    Dex: 18    Spells: 11/29 levels left

rFire   . . .        a - +1 dagger (drain)
rCold   . . .        (no shield)
rNeg    + . .        A - +1 steam dragon scales
rPois   .            u - +0 helmet
rElec   .            w - +1 cloak {Will+}
rCorr   .            y - +0 pair of gloves
SInv    .            j - +0 pair of boots
Will    +++..        q - amulet of reflection
Stlth   ++++++++     Z - +4 ring of slaying
HPRegen 1.13/turn    R - ring "Voseyb" {*Corrode rN+ Str+3 Int+6 Stlth+}
MPRegen 0.20/turn

%: corrode self (3%), reflection, guardian spirit
@: no status effects
A: fangs 3, regeneration 1, magic shield, antimagic bite, no potion heal 2
a: Renounce Religion, Draw Escape, Draw Destruction, Draw Summoning, Draw Stack,
Triple Draw, Deal Four, Stack Five


You were on level 15 of the Dungeon.
You worshipped Nemelex Xobeh.
Nemelex Xobeh was exalted by your worship.
You visited 4 branches of the dungeon, and saw 23 of its levels.

You collected 2969 gold pieces.
You spent 1617 gold pieces at shops.

Inventory:

Hand Weapons
 a - a +1 dagger of draining (weapon)
 i - a +1 dagger of venom
 v - a +0 rapier of freezing
 O - a +4 scimitar of flaming
Missiles
 d - 25 poisoned darts
 s - 11 boomerangs
 M - 5 curare-tipped darts
 T - 6 throwing nets
Armour
 j - a +0 pair of boots (worn)
 k - an orb of energy
 u - a +0 helmet (worn)
 w - a +1 cloak of willpower (worn)
 y - a +0 pair of gloves (worn)
 A - +1 steam dragon scales (worn)
Jewellery
 l - a ring of protection from fire
 q - an amulet of reflection (around neck)
 x - a ring of protection from cold
 F - an amulet of magic regeneration
 P - a ring of flight
 R - the ring "Voseyb" (right hand) {*Corrode rN+ Str+3 Int+6 Stlth+}
   (You took it off a centaur on level 15 of the Dungeon)

   [ring of positive energy]

   Str+3:     It affects your strength (+3).
   Int+6:     It affects your intelligence (+6).
   rN+:       It protects you from negative energy.
   *Corrode:  It may corrode you when you take damage.
   Stlth+:    It makes you more stealthy.
 X - a ring of see invisible
 Z - a +4 ring of slaying (left hand)
Wands
 B - a wand of paralysis (22)
 D - a wand of flame (41)
 E - a wand of polymorph (17)
 J - a wand of iceblast (7)
 V - a wand of quicksilver (3)
 Y - a wand of digging (10)
Scrolls
 b - 3 scrolls of summoning
 e - a scroll of amnesia
 f - 11 scrolls of teleportation
 g - 8 scrolls of fog
 m - 2 scrolls of vulnerability
 p - 4 scrolls of revelation
 r - 3 scrolls of poison
 z - 3 scrolls of immolation
 C - 3 scrolls of blinking
 L - 5 scrolls of silence {!r}
 N - 6 scrolls of fear
Potions
 c - 4 potions of invisibility
 h - 17 potions of curing
 n - 6 potions of might
 o - 4 potions of attraction
 t - 3 potions of brilliance
 G - a potion of ambrosia
 H - 3 potions of enlightenment
 I - a potion of magic
 K - 2 potions of heal wounds
 Q - a potion of mutation {!q}
 U - 3 potions of haste
 W - 2 potions of resistance
Miscellaneous
 S - a phantom mirror


   Skills:
 + Level 8.9 Fighting
 + Level 8.9 Short Blades
 + Level 5.6 Dodging
 * Level 17.5 Stealth
 - Level 7.0 Spellcasting
 * Level 13.8 Hexes
 - Level 5.0 Necromancy
 + Level 8.8 Earth Magic
 + Level 9.1 Invocations
 + Level 3.1 Evocations


You had 11 spell levels left.
You knew the following spells:

 Your Spells              Type           Power      Damage    Failure   Level
a - Dazzling Flash        Conj/Hex       92%        N/A       1%          3
b - Ensorcelled Hibernat  Hex/Ice        92%        N/A       1%          2
c - Confusing Touch       Hex            71%        N/A       1%          3
d - Tukima's Dance        Hex            71%        N/A       1%          3
g - Anguish               Hex/Necr       28%        N/A       1%          4
p - Passwall              Erth           55%        N/A       1%          3

Your spell library contained the following spells:

 Spells                   Type           Power      Damage    Failure   Level
 Sublimation of Blood     Necr           36%        N/A       1%          2
 Fugue of the Fallen      Necr           36%        N/A       2%          3
 Lee's Rapid Deconstruct  Erth           27%        3d15*     4%          5
 Sting                    Conj/Alch      36%        1d5       6%          1
 Summon Small Mammal      Summ           36%        N/A       6%          1
 Mercury Vapours          Alch/Air       18%        N/A       9%          2
 Scorch                   Fire           18%        2d5       9%          2
 Leda's Liquefaction      Alch/Erth      16%        N/A       10%         4
 Borgnjor's Vile Clutch   Necr/Erth      23%        N/A       10%         5
 Silence                  Hex/Air        23%        N/A       10%         5
 Call Canine Familiar     Summ           9%         N/A       17%         3
 Hailstorm                Conj/Ice       9%         3d6       17%         3
 Mephitic Cloud           Conj/Alch/Air  9%         N/A       17%         3
 Summon Ice Beast         Ice/Summ       9%         N/A       17%         3
 Swiftness                Air            9%         N/A       17%         3
 Curse of Agony           Necr           36%        N/A       21%         5
 Flame Wave               Conj/Fire      9%         2d6       50%         4
 Ignite Poison            Fire/Alch      9%         N/A       50%         4
 Olgreb's Toxic Radiance  Alch           9%         N/A       50%         4
 Summon Blazeheart Golem  Fire/Summ      9%         N/A       50%         4
 Bombard                  Conj/Erth      16%        9d3       82%         6
 Alistair's Intoxication  Alch           6%         N/A       85%         5
 Summon Forest            Summ/Tloc      4%         N/A       85%         5
 Eringya's Noxious Bog    Alch           4%         4d6       100%        6
 Sculpt Simulacrum        Ice/Alch       4%         N/A       100%        6
 Summon Cactus Giant      Summ           4%         N/A       100%        6
 Haunt                    Necr/Summ      11%        N/A       100%        7
 Summon Hydra             Summ           4%         N/A       100%        7


Dungeon Overview and Level Annotations

Branches:
Dungeon (15/15)            Temple (1/1) D:4            Lair (5/5) D:9
 Shoals (0/4) Lair:2       Spider (0/4) Lair:2        Slime (0/5) Lair:5
    Orc (2/2) D:9             Elf (0/3) Orc:2        Vaults (0/5) D:13
 Depths (0/4) D:15

Altars:
Ashenzari
Cheibriados
Dithmenos
Elyvilon
Fedhas
Gozag
Hepliaklqana
Kikubaaqudgha
Makhleb
Nemelex Xobeh
Okawaru
Qazlal
Ru
Sif Muna
Trog
Uskayaw
Vehumet
Wu Jian
Xom
Yredelemnul
Zin
The Shining One
Beogh
Jiyva

Shops:
D:4 *   Orc:2 ::[?

Portals:
Trove: D:10 (give 6 scrolls of fear)

Annotations:
D:9 exclusion: 2 doors
D:13 1 runed translucent door, ipx's ghost, journeyman MDFi
D:15 Roxanne


Innate Abilities, Weirdness & Mutations

You have razor-sharp teeth.
Your natural rate of healing is unusually fast.
When hurt, damage is shared between your health and your magic reserves.
Your bite disrupts and absorbs the magic of your enemies.
Potions cannot restore your health.


Message History

The fire dragon's corpse shimmers and vanishes!
The rakshasa weaves an illusion.
The fire dragon shimmers and seems to become two!
A cyclops comes into view.
As you read the scroll of teleportation, it crumbles to dust.
You feel strangely unstable.
The centaur warrior wields a +0 shortbow.
The centaur warrior shoots an arrow.
The arrow misses you.
The fire dragon roars deafeningly! x2
Unknown command.
The rakshasa weaves an illusion.
The fire dragon shimmers and seems to become two!
You block the fire dragon's attack. The fire dragon claws you!
The fire dragon tramples you.
You stumble backwards!
Unknown command.
You barely miss the fire dragon. You bite the fire dragon! You drain its power.
The fire dragon is moderately wounded.
Casting: Ensorcelled Hibernation (safe; 1% risk of failure)
Confirm with . or Enter, or press ? or * to list all spells.
Aiming: Ensorcelled Hibernation (safe; 1% risk of failure)
Press: ? - help, Shift-Dir - straight line, f - centaur warrior
Aim: a centaur warrior, wielding a +0 shortbow (chance to affect: 51%)
The centaur warrior resists with significant effort.
The centaur warrior unwields a +0 shortbow.
The centaur warrior hits you!
The centaur warrior kicks you but does no damage.
The rakshasa weaves an illusion.
The fire dragon shimmers and seems to become two!
The fire dragon breathes flames at you.
The blast of flame hits the fire dragon!
The fire dragon resists.
The blast of flame hits you!! The fire dragon breathes flames at you.
The blast of flame hits you!!!
* * * LOW HITPOINT WARNING * * *
Unknown command.
Your surroundings suddenly seem different.
Roxanne mumbles some strange words.
The iron shot hits you!!
You die...
Your body glows slightly and disappears.

......# #............## ......#
#.####......... <.....#
#........##..## ......#
#####............## #######
#.....###########.. .
#.....#.........#.. .D
#..I..#.........#.. ...
#.....#.........#.. .?##
#.@...##...##.###.. ..#
########...##.##### .## ..#
#.............#... . s.#
#.............#... ### ..#
#........†....#... ..## #####
#<...##.##...##... ..?## ###...#
##########...##... ....###.....#
#................)
....#.......####.................


You could see Roxanne.

Vanquished Creatures
  Jorgrun (D:12)
  Kirke (D:13)
  A stone giant (D:15)
  Nessos (D:12)
  Azrael (D:13)
  A yaktaur captain (D:15)
  2 vault guards (D:13)
  Harold (Lair:2)
  7 hydras
  An ironbound frostheart (D:13)
  5 centaur warriors
  An ogre mage (Orc:2)
  4 two-headed ogres
  A boulder beetle (D:15)
  A death knight (D:15)
  A tengu warrior (D:15)
  A death yak (Lair:5)
  An orc high priest (D:9)
  Sonja (Lair:5)
  A deep elf knight (D:15)
  An orb spider (Lair:2)
  A harpy (shapeshifter) (D:15)
  An orc knight (Orc:2)
  A necromancer (D:15)
  17 ugly things
  9 orc sorcerers (Orc:2)
  3 manticores
  6 cyclopes
  20 elephants
  5 black mambas
  Joseph (Lair:1)
  13 cane toads
  A torpor snail (Lair:4)
  A gargoyle (D:13)
  4 komodo dragons
  Maggie (Lair:2)
  An efreet (D:15)
  3 rime drakes
  5 polar bears (Lair:5)
  10 trolls
  A troll (shapeshifter) (D:13)
  9 hornets (Lair:5)
  8 blink frogs
  Sigmund (D:2)
  A centaur simulacrum (D:15)
  4 slime creatures (D:14)
  A vampire (D:12)
  3 wraiths
  A fire elemental (D:13)
  3 humans (D:13)
  10 spriggans (Lair:5)
  55 yaks
  5 wyverns
  4 basilisks
  Eustachio (D:4)
  3 wargs
  A steam dragon (D:5)
  13 vampire mosquitoes
  2 acid dragons
  Duvessa (D:4)
  11 water moccasins
  3 hell hounds (D:13)
  13 orc warriors
  4 laughing skulls
  A sky beast (D:7)
  5 ice beasts
  5 black bears
  43 wolves
  9 boggarts
  12 ogres
  8 centaurs
  A phantom (D:4)
  A kobold brigand (D:8)
  7 bullfrogs
  Blork the orc (D:4)
  2 gnoll sergeants
  4 scorpions
  3 wights (D:8)
  Dowan (D:4)
  A hornet simulacrum (D:15)
  6 electric eels
  8 howler monkeys
  2 jellies
  Crazy Yiuf (D:5)
  8 hounds
  10 orc priests
  3 sleepcaps
  A gnoll bouda (D:7)
  2 iguanas
  35 orc wizards
  A boggart simulacrum (D:15)
  Robin (D:3)
  11 gnolls
  6 adders
  A shadow imp (D:7)
  3 white imps
  4 ufetubi
  A ribbon worm (D:2)
  76 orcs
  5 ball pythons
  11 endoplasms
  15 goblins
  9 hobgoblins
  2 jackals (D:2)
  13 kobolds
  4 quokkas
  4 bats
  14 frilled lizards
  3 rats
660 creatures vanquished.

Vanquished Creatures (collateral kills)
  A hydra (D:15)
  Erolcha (Orc:2)
  2 two-headed ogres
  4 death yaks (Lair:5)
  3 orc warriors (D:9)
  A wight (D:8)
  An orc priest (D:9)
  3 orcs
  A kobold (D:4)
17 creatures vanquished.

Vanquished Creatures (others)
  7 dancing weapons
  A human (D:13)
  An acid dragon (D:13)
9 creatures vanquished.

Grand Total: 686 creatures vanquished

Notes
Turn   | Place    | Note
-------+----------+-------------------------------------------
     0 | D:1      | mopl the Vine Stalker Enchanter began the quest for the
                  | Orb.
     0 | D:1      | Reached XP level 1. HP: 9/9 MP: 4/4
   113 | D:1      | Reached skill level 1 in Short Blades
   158 | D:1      | Reached XP level 2. HP: 12/13 MP: 4/6
   161 | D:1      | Learned a level 2 spell: Ensorcelled Hibernation
   281 | D:1      | Reached skill level 4 in Stealth
   589 | D:1      | Reached XP level 3. HP: 15/17 MP: 7/7
   607 | D:1      | Found a faded altar of an unknown god.
   887 | D:2      | Learned a level 3 spell: Confusing Touch
  1020 | D:2      | Noticed Sigmund
  1026 | D:2      | Killed Sigmund
  1027 | D:2      | Reached skill level 1 in Fighting
  1027 | D:2      | Reached skill level 5 in Stealth
  1027 | D:2      | Reached skill level 3 in Spellcasting
  1027 | D:2      | Reached skill level 4 in Hexes
  1027 | D:2      | Reached XP level 4. HP: 22/22 MP: 2/10
  1027 | D:2      | Reached XP level 5. HP: 25/25 MP: 2/11
  1034 | D:2      | Learned a level 3 spell: Tukima's Dance
  1594 | D:3      | Reached XP level 6. HP: 30/30 MP: 12/12
  1939 | D:3      | Found a basalt altar of Yredelemnul.
  1999 | D:3      | Noticed an ice beast
  2057 | D:3      | Learned a level 3 spell: Dazzling Flash
  2455 | D:3      | Reached skill level 2 in Short Blades
  2835 | D:3      | Killed an ice beast
  2854 | D:4      | Noticed Blork the orc
  2857 | D:4      | Found Pemyduca's General Store.
  2860 | D:4      | Noticed Robin
  2867 | D:3      | Reached skill level 4 in Spellcasting
  3011 | D:3      | Killed Robin
  3021 | D:4      | Noticed Eustachio
  3031 | D:4      | Killed Eustachio
  3032 | D:4      | Reached skill level 2 in Fighting
  3032 | D:4      | Reached skill level 6 in Stealth
  3032 | D:4      | Reached XP level 7. HP: 30/35 MP: 9/14
  3045 | D:4      | Killed Blork the orc
  3067 | D:4      | Bought a scroll of identify for 20 gold pieces
  3067 | D:4      | Bought a scroll of fog for 40 gold pieces
  3067 | D:4      | Bought 2 potions of curing for 60 gold pieces
  3211 | D:4      | Reached skill level 5 in Hexes
  3291 | D:4      | Noticed Dowan
  3292 | D:4      | Noticed Duvessa
  3319 | D:4      | Found a staircase to the Ecumenical Temple.
  3325 | Temple   | Entered the Ecumenical Temple
  3348 | Temple   | Became a worshipper of Nemelex Xobeh the Trickster
  3401 | D:4      | Killed Duvessa
  3415 | D:4      | Killed Dowan
  3416 | D:4      | Gained mutation: You have razor-sharp teeth. [Vine Stalker
                  | growth]
  3416 | D:4      | Reached XP level 8. HP: 30/39 MP: 8/16
  3738 | D:4      | Found Tojiytzicu's Magic Scroll Boutique.
  3753 | D:4      | Bought a scroll of noise for 12 gold pieces
  3753 | D:4      | Bought a scroll of teleportation for 36 gold pieces
  3753 | D:4      | Bought a scroll of amnesia for 48 gold pieces
  3753 | D:4      | Bought a scroll of identify for 24 gold pieces
  3753 | D:4      | Bought a scroll of identify for 24 gold pieces
  3983 | D:5      | Entered Level 5 of the Dungeon
  3993 | D:5      | Reached skill level 1 in Invocations
  4003 | D:5      | Reached skill level 7 in Stealth
  4003 | D:5      | Reached skill level 5 in Spellcasting
  4053 | D:5      | Reached skill level 3 in Short Blades
  4121 | D:5      | Reached skill level 3 in Fighting
  4254 | D:5      | Found a runed translucent door.
  4255 | D:5      | Noticed Crazy Yiuf
  4263 | D:5      | Killed Crazy Yiuf
  4328 | D:5      | Reached skill level 6 in Hexes
  4427 | D:5      | Reached skill level 2 in Invocations
  4452 | D:5      | Reached skill level 8 in Stealth
  4452 | D:5      | Reached XP level 9. HP: 40/44 MP: 9/18
  4728 | D:6      | Learned a level 3 spell: Passwall
  4774 | D:6      | Reached * piety under Nemelex Xobeh
  4784 | D:6      | Received a gift from Nemelex Xobeh
  4897 | D:6      | Reached skill level 6 in Spellcasting
  5061 | D:7      | Reached skill level 1 in Earth Magic
  5249 | D:6      | Reached skill level 3 in Invocations
  5327 | D:7      | Reached skill level 9 in Stealth
  5327 | D:7      | Reached skill level 7 in Hexes
  5480 | D:7      | Reached skill level 2 in Earth Magic
  5659 | D:4      | Bought a scroll of torment for 114 gold pieces
  5695 | D:5      | Reached skill level 4 in Short Blades
  5857 | D:8      | Reached ** piety under Nemelex Xobeh
  6034 | D:8      | Reached skill level 4 in Fighting
  6112 | D:8      | Reached XP level 10. HP: 46/49 MP: 21/21
  6120 | D:8      | Reached skill level 7 in Spellcasting
  6165 | D:8      | Reached skill level 10 in Stealth
  6212 | D:8      | Reached skill level 3 in Earth Magic
  6809 | D:9      | Received a gift from Nemelex Xobeh
  6810 | D:9      | Found a staircase to the Lair.
  6832 | D:9      | Found a roughly hewn altar of Beogh.
  6836 | D:9      | Found a staircase to the Orcish Mines.
  6962 | D:8      | Reached skill level 4 in Invocations
  7107 | D:9      | Reached skill level 8 in Hexes
  7608 | D:9      | Reached skill level 5 in Short Blades
  7664 | D:9      | Reached XP level 11. HP: 54/54 MP: 20/22
  7727 | D:9      | Reached skill level 5 in Fighting
  7780 | D:9      | Reached skill level 11 in Stealth
  7936 | D:9      | Reached skill level 4 in Earth Magic
  8147 | D:9      | Noticed a tengu warrior
  8302 | D:10     | Entered Level 10 of the Dungeon
  8475 | D:10     | Reached skill level 9 in Hexes
  8487 | D:10     | Reached skill level 5 in Invocations
  8557 | D:10     | Reached *** piety under Nemelex Xobeh
  8572 | D:10     | Received a gift from Nemelex Xobeh
  8662 | D:10     | Noticed a two-headed ogre
  8668 | D:10     | Killed a two-headed ogre
  8964 | D:10     | Found a hazy altar of Hepliaklqana.
  9019 | D:10     | Found a portal to a secret trove of treasure.
  9539 | D:11     | Reached skill level 12 in Stealth
  9592 | D:11     | Received a gift from Nemelex Xobeh
  9627 | D:11     | Noticed a two-headed ogre
  9632 | D:11     | Killed a two-headed ogre
  9668 | D:11     | Noticed a cyclops
  9813 | D:11     | Noticed a two-headed ogre
  9824 | D:11     | Killed a two-headed ogre
  9825 | D:11     | Reached skill level 5 in Earth Magic
  9870 | D:11     | Reached skill level 6 in Short Blades
  9889 | D:11     | Reached XP level 12. HP: 60/60 MP: 19/23
  9892 | D:11     | Noticed a two-headed ogre
  9907 | D:11     | Killed a two-headed ogre
  9908 | D:11     | Reached skill level 6 in Fighting
 10060 | D:11     | Reached skill level 10 in Hexes
 10067 | D:11     | Found a glowing golden altar of the Shining One.
 10200 | D:11     | Received a gift from Nemelex Xobeh
 10206 | D:11     | Learned a level 4 spell: Anguish
 10317 | Lair:1   | Entered Level 1 of the Lair of Beasts
 10335 | Lair:1   | HP: 2/61 [blink frog (10)]
 10640 | Lair:1   | Noticed Joseph
 10641 | Lair:1   | Reached **** piety under Nemelex Xobeh
 10647 | Lair:1   | Killed Joseph
 10951 | D:9      | Reached skill level 1 in Necromancy
 10957 | D:9      | Reached skill level 13 in Stealth
 10998 | Lair:1   | Reached skill level 6 in Invocations
 11341 | Lair:1   | Reached skill level 2 in Necromancy
 11341 | Lair:1   | Received a gift from Nemelex Xobeh
 11561 | Lair:1   | Reached skill level 6 in Earth Magic
 11883 | Lair:2   | Received a gift from Nemelex Xobeh
 11975 | Lair:2   | Reached skill level 2 in Dodging
 12046 | Lair:2   | Noticed an eight-headed hydra
 12082 | Lair:2   | Killed an eight-headed hydra
 12083 | Lair:2   | Reached XP level 13. HP: 66/66 MP: 20/24
 12187 | Lair:2   | Received a gift from Nemelex Xobeh
 12269 | Lair:2   | Noticed Maggie
 12276 | Lair:2   | Killed Maggie
 12293 | Lair:2   | Found a staircase to the Shoals.
 12322 | Lair:2   | Noticed Harold
 12340 | Lair:2   | Killed Harold
 12341 | Lair:2   | Reached skill level 14 in Stealth
 12341 | Lair:2   | Reached skill level 11 in Hexes
 12526 | Lair:2   | Found a hole to the Spider Nest.
 12542 | Lair:2   | Reached skill level 3 in Necromancy
 12694 | Lair:3   | Reached ***** piety under Nemelex Xobeh
 12976 | Lair:3   | Reached skill level 7 in Short Blades
 13090 | Lair:3   | Reached skill level 7 in Fighting
 13268 | Lair:3   | Received a gift from Nemelex Xobeh
 13370 | Lair:3   | Got Pimuwiyh's Compendium of Evil
 13527 | Lair:3   | Reached skill level 7 in Invocations
 14007 | Lair:4   | Reached skill level 3 in Dodging
 14383 | Lair:4   | Received a gift from Nemelex Xobeh
 14492 | Lair:5   | Entered Level 5 of the Lair of Beasts
 14518 | Lair:5   | Paralysed by a hornet for 1 turns
 14542 | Lair:5   | Found a staircase to the Slime Pits.
 14543 | Lair:5   | Found a viscous altar of Jiyva.
 14546 | Lair:5   | Noticed Sonja
 14556 | Lair:5   | Killed Sonja
 14655 | Lair:5   | Reached skill level 4 in Necromancy
 14855 | Lair:5   | Reached skill level 15 in Stealth
 14855 | Lair:5   | Reached skill level 7 in Earth Magic
 15025 | Lair:5   | Reached XP level 14. HP: 72/72 MP: 21/25
 15195 | Lair:5   | Reached skill level 12 in Hexes
 15532 | Lair:5   | Received a gift from Nemelex Xobeh
 15751 | Lair:5   | Reached skill level 4 in Dodging
 16007 | Lair:5   | Reached skill level 5 in Necromancy
 16626 | D:4      | Bought a scroll of acquirement for 624 gold pieces
 16626 | D:4      | Acquired 994 gold pieces
 16628 | D:4      | Bought 3 scrolls of silence for 342 gold pieces
 16628 | D:4      | Bought a scroll of identify for 24 gold pieces
 16628 | D:4      | Bought a scroll of identify for 24 gold pieces
 16785 | Orc:1    | Entered Level 1 of the Orcish Mines
 17330 | Orc:2    | Entered Level 2 of the Orcish Mines
 17332 | Orc:2    | Received a gift from Nemelex Xobeh
 17334 | Orc:2    | Reached skill level 8 in Invocations
 17556 | Orc:2    | Found Ofeur's Book Boutique.
 17566 | Orc:2    | Reached skill level 8 in Short Blades
 17594 | Orc:2    | Found a radiant altar of Vehumet.
 17594 | Orc:2    | Noticed Erolcha
 17700 | Orc:2    | Found Fupiorgh's Magic Scroll Shop.
 17725 | Orc:2    | Reached skill level 8 in Fighting
 17738 | Orc:2    | Bought a scroll of fear for 44 gold pieces
 17738 | Orc:2    | Bought a scroll of teleportation for 33 gold pieces
 17738 | Orc:2    | Bought a scroll of identify for 22 gold pieces
 17738 | Orc:2    | Bought a scroll of revelation for 82 gold pieces
 17739 | Orc:2    | Bought 2 scrolls of identify for 44 gold pieces
 17752 | Orc:2    | Found an ancient bone altar of Kikubaaqudgha.
 17759 | Orc:2    | Found a staircase to the Elven Halls.
 17774 | Orc:2    | Reached skill level 16 in Stealth
 18354 | Orc:2    | Killed Erolcha
 18455 | Orc:2    | Found Huic Cul's Antique Armour Shop.
 18512 | Orc:2    | Found a roughly hewn altar of Beogh.
 18512 | Orc:2    | Found Pibbun's Book Shop.
 18867 | D:12     | Found an iron altar of Okawaru.
 18900 | D:12     | Reached XP level 15. HP: 54/77 MP: 14/26
 18923 | D:12     | Received a gift from Nemelex Xobeh
 18924 | D:12     | Noticed Nessos
 18948 | D:12     | Reached skill level 8 in Earth Magic
 18960 | D:12     | Killed Nessos
 19008 | D:12     | Reached skill level 1 in Evocations
 19034 | D:12     | Noticed Jorgrun
 19040 | D:12     | Killed Jorgrun
 19338 | D:12     | Reached skill level 13 in Hexes
 19866 | D:13     | Found a runed translucent door.
 19866 | D:13     | Noticed ipx's ghost (journeyman MDFi)
 19872 | D:13     | Identified the +5 trident of the Dark Horse {pain, Fly rC+
                  | Str+2}
 19900 | D:13     | Noticed Kirke
 19920 | D:13     | Killed Kirke
 19969 | D:13     | Noticed Azrael
 19985 | D:13     | Killed Azrael
 19996 | D:13     | Reached skill level 5 in Dodging
 20097 | D:13     | Received a gift from Nemelex Xobeh
 20168 | D:13     | Found a gate to the Vaults.
 20185 | D:13     | Reached skill level 2 in Evocations
 20425 | D:14     | Reached ****** piety under Nemelex Xobeh
 20463 | D:14     | Received a gift from Nemelex Xobeh
 21056 | D:14     | Received a gift from Nemelex Xobeh
 21391 | D:15     | Entered Level 15 of the Dungeon
 21403 | D:15     | Found a staircase to the Depths.
 21413 | D:15     | Noticed Roxanne
 21661 | D:15     | Reached skill level 17 in Stealth
 21685 | D:15     | Received a gift from Nemelex Xobeh
 22540 | D:15     | Reached skill level 9 in Invocations
 22574 | D:15     | HP: 2/78 [acid (6)]
 22944 | D:15     | Reached skill level 3 in Evocations
 22944 | D:15     | Reached XP level 16. HP: 44/83 MP: 25/27
 23084 | D:15     | Identified the ring "Voseyb" {*Corrode rN+ Str+3 Int+6
                  | Stlth+}
 23291 | D:15     | Got the Writings on the Transformed Escort
 23301 | D:15     | Killed from afar by Roxanne

Illustrated notes

Levels and vault maps discovered:
D:1:      kilobyte_arrival_exit_the_forest, layout_rooms,
          nicolae_ecumenical_lake_church
D:2:      layout_loops_ring, uniq_sigmund
D:3:      layout_basic, amcnicky_altar_gilded, kennysheep_decorative_pillar
D:4:      layout_basic, minmay_temple_entry_hall, serial_shops,
          nicolae_shop_advertising_works [nicolae_subvault_shop_adworks], shop,
          serial_bayou, serial_bayou_pond_e, serial_bayou_shore_b,
          serial_bayou_shore_b, serial_bayou_crossing, st_stairs_14,
          nicolae_figureground_sparkle, uniq_duvessa, uniq_blork_the_orc,
          uniq_eustachio, uniq_robin
D:5:      layout_basic, uniq_crazy_yiuf_cottage
D:6:      layout_rooms, minmay_stone_trees_medium, minmay_lizard_king
D:7:      layout_gridville
D:8:      layout_basic
D:9:      cheibrodos_two_vegetables, layout_basic, erik_lair_island, david_orc_5
D:10:     nicolae_cairo_tiling_large, layout_loops_ring, lemuel_crystal_altar,
          nicolae_trove_entry_crystal, kennysheep_small_spiral
D:11:     layout_irregular_city, minmay_misc_feat_enclosed, tso_oasis_becter
D:12:     layout_basic, okawaru_metal_pillars_3, uniq_nessos, uniq_jorgrun
D:13:     layout_roguey, hellmonk_vaults_keyhole, ebering_ghost_funeral_grove,
          drop_trap, uniq_azrael, uniq_kirke
D:14:     layout_stronghold, nicolae_lava_and_water
D:15:     grunt_enter_depths_giant_problem, layout_stronghold,
          nicolae_rejected_hall, uniq_roxanne
Temple:   mainiacjoe_temple_big_plus
Lair:1:   layout_cave_pods, st_stairs_12, dpeg_stationary_puzzle,
          grunt_megastairs_5, lemuel_fruit_fields, uniq_joseph
Lair:2:   layout_regular_city, elwin_shoals_entry_rocks,
          nicolae_spider_entry_orb_guardian, minivault_26, uniq_maggie,
          uniq_harold
Lair:3:   layout_layer_cave, pond, grunt_megastairs_2
Lair:4:   layout_concentric_octagons, chequers_serial_rivers_marsh
Lair:5:   minmay_lair_end_enchanted_forest, layout_layer_cave, slime_entry_1,
          gauntlet_entry_generic, dreamdust_wasp_nest, uniq_sonja
Orc:1:    layout_diamond_mine
Orc:2:    kennysheep_orc_mage_school, layout_caves

Skill      XL: |  1  2  3  4  5  6  7  8  9 10 11 12 13 14 15 |
---------------+----------------------------------------------+-----
Short Blades   | 1 2 3 4 5 6 7 8 |  8.9
Stealth        | 4 5 6 8 9 10 12 13 15 16 17 | 17.5
Fighting       | 1 2 3 4 5 6 7 8 |  8.9
Spellcasting   | 3 4 5 6 7 |  7.0
Hexes          | 4 5 6 7 8 9 10 11 12 13 | 13.8
Invocations    | 2 3 4 5 6 7 8 9 |  9.1
Earth Magic    | 2 3 5 6 7 8 |  8.8
Necromancy     | 2 4 5 |  5.0
Dodging        | 2 3 4 5 |  5.6
Evocations     | 3 |  3.1

Action                     |  1- 3 |  4- 6 |  7- 9 | 10-12 | 13-15 | 16-18 || total
---------------------------+-------+-------+-------+-------+-------+-------++-------
  Melee: Dagger            |    45 |   151 |   335 |   548 |  1077 |    33 ||  2189
         Bite              |     3 |    45 |    89 |   203 |   402 |    18 ||   760
   Cast: Ensorcelled Hiber |     5 |     1 |    46 |   121 |   312 |     8 ||   493
         Tukima's Dance    |       |     3 |     5 |    19 |    12 |     3 ||    42
         Confusing Touch   |       |     1 |     4 |    12 |    23 |     2 ||    42
         Passwall          |       |       |       |     4 |    21 |       ||    25
         Dazzling Flash    |       |       |       |       |     3 |       ||     3
 Invoke: Stack Five        |       |       |       |       |     1 |       ||     1
         Draw Summoning    |       |       |       |       |     6 |       ||     6
         Draw Escape       |       |       |       |       |     1 |       ||     1
  Evoke: Wand              |       |       |       |       |     2 |     2 ||     4
    Use: Scroll            |       |       |     9 |     3 |    14 |     1 ||    27
         Potion            |       |       |       |       |     2 |       ||     2
   Stab: Sleeping          |    12 |    14 |    36 |    88 |   190 |     4 ||   344
         Confused          |       |     2 |     4 |     6 |    21 |     1 ||    34
         Distracted        |       |       |     2 |     1 |     4 |       ||     7
         Invisible         |       |       |       |       |     5 |       ||     5
 Armour: Robe              |    32 |    72 |   206 |   307 |       |       ||   617
         Steam dragon scal |       |       |       |       |   734 |    36 ||   770
  Dodge: Dodged            |    34 |    99 |   167 |   247 |   621 |    25 ||  1193
         Repelled          |       |       |     1 |     4 |     4 |       ||     9
  Block: Other             |       |    21 |    70 |   106 |   200 |     6 ||   403
         Reflection        |       |       |     1 |     2 |    12 |     1 ||    16

Table legend: (Time is in decaauts)
 A = Elapsed time spent in this place.
 B = Non-inter-level travel time spent in this place.
 C = Inter-level travel time spent in this place.
 D = Time resting spent in this place.
 E = Time spent auto-exploring this place.
 F = Levels seen in this place.
 G = Mean time per level.
                   A        B        C        D        E       F      G
               +--------+--------+--------+--------+--------+-----+--------+
         Total |  22797 |  20687 |   2110 |   1921 |  11992 |  23 |  991.2 |
       Dungeon |  15371 |  13772 |   1599 |   1284 |   8198 |  15 | 1024.7 |
        Temple |     45 |      1 |     44 |      0 |      0 |   1 |   45.0 |
          Lair |   5721 |   5377 |    344 |    460 |   2999 |   5 | 1144.2 |
  Orcish Mines |   1658 |   1536 |    122 |    177 |    795 |   2 |  829.0 |
               +--------+--------+--------+--------+--------+-----+--------+

Top non-repeatable levels by time:
    D:15: 1757 daAuts
     D:9: 1667 daAuts
  Lair:5: 1635 daAuts
     D:3: 1488 daAuts
     D:8: 1481 daAuts
  Lair:1: 1332 daAuts
   Orc:2: 1166 daAuts
    D:10: 1159 daAuts
     D:4: 1114 daAuts
    D:14: 1083 daAuts
  Lair:2: 1011 daAuts
  Lair:3: 983 daAuts
    D:12: 939 daAuts
     D:1: 854 daAuts
    D:11: 832 daAuts
